 Dungeon Crawl Stone Soup version 0.29.1-15-g9cfb28693d (webtiles) character file.

Game seed: 8645170840618433333

602 Gumption the Chopper (level 7, -1/93 HPs)
             Began as a Minotaur Berserker on Mar 20, 2023.
             Was a Believer of Trog.
             Succumbed to a gnoll's poison
             ... on level 4 of the Dungeon.
             The game lasted 00:33:46 (4433 turns).

Gumption the Chopper (Minotaur Berserker)           Turns: 4433, Time: 00:33:47

Health: -1/93      AC: 14    Str: 24    XL:     7   Next: 18%
Magic:  2/2        EV:  7    Int:  4    God:    Trog [**....]
Gold:   138        SH:  0    Dex:  9    Spells: 6/6 levels left

rFire   . . .      SeeInvis .   a - +1 demon blade (antimagic)
rCold   . . .      Faith    .   (no shield)
rNeg    . . .      Spirit   .   n - +0 plate armour
rPois   .          Reflect  .   (helmet restricted)
rElec   .          Harm     .   b - +1 cloak
rCorr   +          Rampage  .   (no gloves)
Will    .....                   (no boots)
Stlth   ..........              (no amulet)
HPRegen 0.25/turn               h - ring of resist corrosion
MPRegen 0.08/turn               (no ring)

@: berserking, lethally poisoned (-1 -> -28), slow
A: horns 2, retaliatory headbutt
a: Renounce Religion, Berserk, Trog's Hand


You were on level 4 of the Dungeon.
You worshipped Trog.
Trog was pleased with you.
You visited 1 branch of the dungeon, and saw 5 of its levels.

You collected 138 gold pieces.

Inventory:

Hand Weapons
 a - a +1 antimagic demon blade (weapon)
 c - a +0 hand axe
Missiles
 i - 8 poisoned darts (quivered)
Armour
 b - a +1 cloak (worn)
 n - a +0 plate armour (worn)
Jewellery
 h - a ring of resist corrosion (left hand)
Wands
 l - a wand of paralysis (2)
Scrolls
 e - 3 scrolls of teleportation
 f - a scroll of amnesia {unknown}
 j - a scroll of poison
 r - 2 scrolls of identify
Potions
 d - 2 potions of cancellation
 k - a potion of berserk rage
 m - a potion of haste
 o - a potion of ambrosia {unknown}


   Skills:
 + Level 5.9 Fighting
 * Level 3.0 Long Blades
 - Level 6.6 Axes
 + Level 5.2 Armour
 - Level 2.1 Dodging


You had 6 spell levels left.
You didn't know any spells.
Your spell library was empty.

Dungeon Overview and Level Annotations

Branches:
Dungeon (5/15)             Temple (0/1) D:4

Altars:
Ru

Shops:
D:2 ?   D:5 [

Portals:
Sewer: D:4

Annotations:
D:5 1 runed translucent door


Innate Abilities, Weirdness & Mutations

You have a pair of horns on your head.
You reflexively headbutt those who attack you in melee.


Message History

You feel sick.
The ball python bites you but does no damage.
The ball python constricts you.
The gnoll hits you with a +0 whip of venom.
* * * LOW HITPOINT WARNING * * *
The rat barely misses you. You furiously retaliate!
You headbutt the rat!!
You feel the power of Trog in you as your rage grows.
You kill the rat!
Trog accepts your kill.
You closely miss the ball python.
The ball python is severely wounded.
You feel sick.
The rat splashes around in the water.
The ball python barely misses you. You furiously retaliate!
You headbutt the ball python!!
You kill the ball python!
Trog accepts your kill. The gnoll hits you but does no damage.
You are lethally poisoned!
The worm barely misses you.
You barely miss the gnoll.
* * * LOW HITPOINT WARNING * * *
You feel very sick.
The rat bites you but does no damage. x2
You barely miss the gnoll.
* * * LOW HITPOINT WARNING * * *
You feel sick. The gnoll hits you but does no damage.
You are more poisoned.
The rat closely misses you.
The worm splashes around in the water.
The rat barely misses you. You furiously retaliate!
You headbutt the rat!
You kill the rat!
Trog accepts your kill.
Your unstable footing causes you to fumble your attack.
* * * LOW HITPOINT WARNING * * *
You feel very sick. The worm barely misses you.
The gnoll hits you but does no damage.
You are more poisoned.
You slash the gnoll!
You kill the gnoll!
Trog accepts your kill.
You die...

###......(.....#
#...#.###.......
#.........#
#..######.#
#..#~~~~#.# #?.
#..#~~~~#.# ...#
##g#~~∩~#.# .#.#
#.#~w†~#g######...###
#.#w@r~#w.......#....
#.#)####.........#.#
#...................
######..........###
####.......#
#.......#####
#............
#.......###..
#..........#.


You could see 2 worms and a rat.

Vanquished Creatures
  Sigmund (D:2)
  A scorpion (D:4)
  Crazy Yiuf (D:2)
  2 hounds (D:4)
  Ijyb (D:3)
  Terence (D:3)
  3 iguanas
  Robin (D:3)
  3 gnolls
  6 adders
  A worm (D:4)
  2 dart slugs (D:1)
  3 orcs
  7 ball pythons
  5 endoplasms
  11 goblins
  6 hobgoblins
  4 jackals (D:3)
  8 kobolds
  5 quokkas
  9 bats
  A frilled lizard (D:2)
  8 rats
90 creatures vanquished.

Notes
Turn   | Place    | Note
-------+----------+-------------------------------------------
     0 | D:1      | Gumption the Minotaur Berserker began the quest for the
                  | Orb.
     0 | D:1      | Reached XP level 1. HP: 19/19 MP: 0/0
   329 | D:1      | Reached skill level 4 in Axes
   329 | D:1      | Reached XP level 2. HP: 20/27 MP: 1/1
   526 | D:1      | Reached XP level 3. HP: 16/33 MP: 2/2
  1553 | D:2      | Found Tobeph's Magic Scroll Shop.
  1600 | D:2      | Found a faded altar of an unknown god.
  1931 | D:2      | Reached XP level 4. HP: 40/41 MP: 3/3
  1966 | D:2      | Noticed Sigmund
  2006 | D:2      | Killed Sigmund
  2007 | D:2      | Reached skill level 5 in Fighting
  2007 | D:2      | Reached skill level 6 in Axes
  2007 | D:2      | Reached XP level 5. HP: 13/48 MP: 4/4
  2249 | D:2      | Found a runed translucent door.
  2250 | D:2      | Noticed Crazy Yiuf
  2335 | D:2      | Reached ** piety under Trog
  2594 | D:2      | Killed Crazy Yiuf
  2595 | D:2      | Reached XP level 6. HP: 48/56 MP: 5/5
  2598 | D:2      | Identified the +11 hammer "Vulucux" {spect, *Slow rElec
                  | Int+6}
  3000 | D:3      | Noticed Robin
  3119 | D:3      | Noticed Terence
  3146 | D:3      | Killed Terence
  3187 | D:3      | Killed Robin
  3292 | D:3      | Found a sacrificial altar of Ru.
  3808 | D:3      | Noticed Ijyb
  3819 | D:3      | Killed Ijyb
  3945 | D:4      | Identified a scroll of acquirement
  3945 | D:4      | Acquired a +1 antimagic demon blade
  3981 | D:4      | Reached skill level 1 in Long Blades
  4062 | D:4      | Reached skill level 5 in Armour
  4093 | D:4      | Reached XP level 7. HP: 34/62 MP: 2/6
  4135 | D:4      | Found a staircase to the Ecumenical Temple.
  4137 | D:4      | You fall into a shaft and drop 1 floor!
  4137 | D:5      | Entered Level 5 of the Dungeon
  4296 | D:5      | Found Usaah's Armour Shoppe.
  4310 | D:5      | Found a large runed translucent door.
  4398 | D:4      | Found a glowing drain.
  4432 | D:4      | HP: 4/93 [poisoned by a gnoll]
  4433 | D:4      | Succumbed to a gnoll's poison

Illustrated notes

Levels and vault maps discovered:
D:1:      ncdulo_watergridlock, layout_loops_corners
D:2:      layout_basic, serial_shops, shop,
          chequers_ecumenical_altar_simple_redux, uniq_crazy_yiuf_cottage,
          uniq_sigmund
D:3:      layout_basic, nicolae_ru_awakened_eye, hex_tiny,
          chequers_serial_rivers_micro_a, chequers_serial_rivers_micro_b,
          uniq_ijyb, uniq_terence, uniq_robin
D:4:      layout_rooms, minmay_temple_entry_drinking_statues,
          portal_sewer_entry_c, minmay_misc_feat_alley, minmay_fractal_squares_5
D:5:      layout_loops_corners, kennysheep_slug_shrine, ashenzari_altar_1,
          ebering_ghost_disaster_area, serial_shops, nicolae_shop_trees,
          minmay_liquid_box, kennysheep_decorative_pillar,
          hangedman_abyss_or_decor_stabs

Skill      XL: |  1  2  3  4  5  6  7 |
---------------+----------------------+-----
Axes           | 4 6 |  6.6
Fighting       | 4 5 |  5.9
Armour         | 3 4 5 |  5.2
Long Blades    | 2 3 |  3.0
Dodging        | |  2.1

Action                   |  1- 3 |  4- 6 |  7- 9 || total
-------------------------+-------+-------+-------++-------
Melee: Hand axe          |    60 |   100 |       ||   160
       Headbutt          |     7 |    21 |     6 ||    34
       Demon blade       |       |    29 |    31 ||    60
Throw: Dart              |       |     5 |       ||     5
Invok: Berserk           |       |     3 |     1 ||     4
       Trog's Hand       |       |     1 |       ||     1
  Use: Scroll            |     1 |     8 |       ||     9
Armor: Animal skin       |     7 |       |       ||     7
       Ring mail         |    10 |    22 |       ||    32
       Plate armour      |       |    38 |    36 ||    74
       Chain mail        |       |     7 |       ||     7
Dodge: Dodged            |    45 |    44 |    20 ||   109
